 Dungeon Crawl Stone Soup version 0.30.1-3-gfc49f6343a (webtiles) character file.

Game seed: 1114402358413128625

364 Fortress the Insei (level 7, 0/49 HPs)
             Began as a Djinni Transmuter on Aug 5, 2023.
             Was a Believer of Nemelex Xobeh.
             Slain by a wraith (13 damage)
             ... in an ossuary on Aug 8, 2023.
             The game lasted 00:20:01 (3201 turns).

Fortress the Insei (Djinni Transmuter)              Turns: 3201, Time: 00:20:01

Health: 0/49       AC:  5    Str:  9    XL:     7   Next: 0%
Gold:   125        EV: 16    Int: 16    God:    Nemelex Xobeh [**....] SH:  0 Dex: 16

rFire   + +          +
                       - Unarmed
rCold   x x .        (no shield)
rNeg    . . .        i - +0 ring mail
rPois   ∞            (helmet currently unavailable)
rElec   .            (no cloak)
rCorr   .            (no gloves)
SInv    .            (boots unavailable)
Will    .....        (no amulet)
Stlth   +            n - ring of Gycoag {Fire Dex+2}
HPRegen 0.28/turn    h - +5 ring of evasion
MPRegen 0.00/turn

%: infuse magic (-1 HP)
@: appendages, wereblooded, flying, slowed, very slow
A: horns 2, flying, sickness immunity, fire resistance 2, cold vulnerability 1,
float, innate caster, HP casting, extra vitality 1
a: End Transformation, Renounce Religion, Draw Escape, Draw Destruction, Draw
Summoning


You were in an ossuary.
You worshipped Nemelex Xobeh.
Nemelex Xobeh was pleased with you.
You had temporarily grown beastly horns.
You visited 1 branch of the dungeon, and saw 4 of its levels.
You also visited: Ossuary.

You collected 125 gold pieces.

Inventory:

Hand Weapons
 k - a +1 whip of flaming
 l - a +3 dagger
Armour
 i - a +0 ring mail (worn)
Jewellery
 h - a +5 ring of evasion (right hand)
 n - the ring of Gycoag (left hand) {Fire Dex+2}
   (You found it on level 3 of the Dungeon)

   [ring of fire]

   It enhances your fire magic.
   Dex:       It affects your dexterity (+2).
   rF:        It protects you from fire.
   rC:        It makes you vulnerable to cold.
Wands
 o - a wand of mindburst (13)
 p - a wand of polymorph (1)
 w - a wand of flame (25)
Scrolls
 f - a scroll of immolation
 g - 4 scrolls of identify
 j - a scroll of poison
 r - a scroll of noise {unknown}
 s - a scroll of teleportation
 v - a scroll of enchant weapon {unknown}
Potions
 a - a potion of attraction {unknown}
 b - a potion of lignification
 c - 2 potions of brilliance
 d - a potion of flight {unknown}
 e - a potion of might {unknown}
 m - a potion of resistance {unknown}
 q - a potion of heal wounds
 t - a potion of cancellation {unknown}
 u - a potion of degeneration {unknown}
 x - a potion of curing
 z - a potion of berserk rage {unknown}


   Skills:
 + Level 2.1 Fighting
 + Level 3.6 Dodging
 + Level 5.8 Unarmed Combat
 + Level 2.5 Spellcasting


You knew the following spells:

 Your Spells              Type           Power      Damage    Failure   Level
a - Beastly Appendage     Tmut           20%        N/A       19%         1
b - Wereblood             Tmut           10%        N/A       28%         2
c - Spider Form           Tmut/Pois      10%        N/A       50%         3
d - Ice Form              Ice/Tmut       10%        N/A       88%         4
e - Magic Dart            Conj           40%        1d5       19%         1
f - Searing Ray           Conj           20%        2d5       28%         2
g - Static Discharge      Conj/Air       20%        2-3/arc   28%         2
Your spell library was empty.

Dungeon Overview and Level Annotations

Branches:
Dungeon (4/15)            Ossuary (1/1)
 Temple: D:4-7

Altars:
Nemelex Xobeh


Innate Abilities, Weirdness & Mutations

You have temporarily grown beastly horns.
You are flying.
You are immune to sickness and miasma.
You are immune to poison.
Your flesh is very heat resistant. (rF++)
You are vulnerable to cold. (rC-)
You float through the air rather than walking.
You learn spells naturally, not from books.
Your magical power is your life essence.
You have superior vitality. (+4 MHP)


Message History

You hit the wraith but do no damage.
You headbutt the wraith, but do no damage.
The wraith is heavily damaged.
The wraith barely misses you. The wraith hits you.
You hit the wraith.
The wraith is heavily damaged.
The wraith completely misses you.
You hit the wraith but do no damage. Your headbutt misses the wraith.
The wraith is heavily damaged.
You feel yourself speed up. The wraith barely misses you.
You closely miss the wraith. You headbutt the wraith.
The wraith is severely damaged.
The wraith hits you! The wraith drains your vigour!
You feel yourself slow down.
You closely miss the wraith. Your headbutt misses the wraith.
The wraith is severely damaged.
The wraith hits you. The wraith drains your vigour!
You feel as though you will be slow longer.
The wraith closely misses you.
You barely miss the wraith.
The wraith is severely damaged.
Your horns disappear.
The wraith misses you.
Casting: Beastly Appendage (safe; 19% risk of failure)
Confirm with . or Enter, or press ? or * to list all spells.
Your blood is infused with primal strength.
The wraith hits you!
* * * LOW HITPOINT WARNING * * *
The wraith drains your vigour!
You feel as though you will be slow longer.
The wraith barely misses you. x2
Casting: Wereblood (dangerous; 28% risk of failure)
Confirm with . or Enter, or press ? or * to list all spells.
You grow a pair of large bovine horns.
* * * LOW HITPOINT WARNING * * *
The wraith closely misses you. The wraith hits you!
You die...
Your body glows slightly and disappears.

#################
#..@............#
#.W##..###..##).#
#.#c#..#z#..#.#.# ###### ###
#.###..###..###.# .....# #z#
#...............#
.8.8.#####▓###.###.......###.#
.......'.....'.#z#.......#z#.#
.8.8.#####▓###.###.......###.#
.....# #W# #...............#


You could see a wraith.

Vanquished Creatures
  A scorpion (D:4)
  2 wights (Ossuary)
  A hound (D:4)
  2 orc priests (D:4)
  Ijyb (D:3)
  3 adders
  2 adder zombies (Ossuary)
  2 worms (D:3)
  A dart slug (D:3)
  A bat (D:1)
  4 endoplasms
  A giant cockroach (D:4)
  5 hobgoblins
  2 quokkas (D:3)
  3 ball pythons
  2 ball python skeletons (Ossuary)
  2 frilled lizards
  2 goblins
  2 hobgoblin zombies (Ossuary)
  2 kobolds (D:1)
  2 kobold zombies (Ossuary)
  An orc skeleton (Ossuary)
  An orc zombie (Ossuary)
  7 rats
52 creatures vanquished.

Vanquished Creatures (collateral kills)
  An orc (D:4)
  3 hobgoblins (D:4)
4 creatures vanquished.

Grand Total: 56 creatures vanquished

Notes
Turn   | Place    | Note
-------+----------+-------------------------------------------
     0 | D:1      | Fortress the Djinni Transmuter began the quest for the Orb.
     0 | D:1      | Fortress set off with the following spells memorised:
                  | Beastly Appendage, Wereblood, Spider Form, Ice Form.
     0 | D:1      | Reached XP level 1. HP: 17/17 MP: 0/0
   266 | D:1      | Reached XP level 2. HP: 15/22 MP: 0/0
   554 | D:1      | Found a faded altar of an unknown god.
   956 | D:2      | Found a sparkling altar of Nemelex Xobeh.
   974 | D:2      | Became a worshipper of Nemelex Xobeh the Trickster
  1367 | D:2      | Reached * piety under Nemelex Xobeh
  1367 | D:2      | Received a gift from Nemelex Xobeh
  1591 | D:2      | Reached XP level 3. HP: 24/27 MP: 0/0
  1591 | D:2      | Learned a level 1 spell: Magic Dart
  1680 | D:3      | Reached skill level 4 in Unarmed Combat
  1727 | D:3      | Reached XP level 4. HP: 16/32 MP: 0/0
  1872 | D:3      | Identified the ring of Gycoag {Fire Dex+2}
  2169 | D:3      | Noticed Ijyb
  2217 | D:3      | Killed Ijyb
  2452 | D:4      | Noticed a scorpion
  2465 | D:4      | Killed a scorpion
  2466 | D:4      | Reached XP level 5. HP: 22/37 MP: 0/0
  2466 | D:4      | Learned a level 2 spell: Searing Ray
  2638 | D:4      | Reached ** piety under Nemelex Xobeh
  2664 | D:4      | Reached skill level 5 in Unarmed Combat
  2675 | D:4      | Reached XP level 6. HP: 35/43 MP: 0/0
  2867 | D:4      | Found a sand-covered staircase.
  2872 | Ossuary  | Entered an ossuary
  2979 | Ossuary  | Noticed a flying skull
  2979 | Ossuary  | Noticed a wraith
  2988 | Ossuary  | Noticed a flying skull
  2990 | Ossuary  | Noticed a flying skull
  3135 | Ossuary  | Noticed a flying skull
  3142 | Ossuary  | Noticed a flying skull
  3156 | Ossuary  | Reached XP level 7. HP: 46/49 MP: 0/0
  3156 | Ossuary  | Learned a level 2 spell: Static Discharge
  3179 | Ossuary  | Noticed a wraith
  3201 | Ossuary  | Slain by a wraith

Illustrated notes

Levels and vault maps discovered:
D:1:      nzn_arrival_settlement, layout_basic, shapermc_ecumenical_altar_ellora
D:2:      layout_basic, basic_altar, kennysheep_generic_room_8
D:3:      layout_rooms, uniq_ijyb
D:4:      layout_loops_cross, enter_ossuary_5, uniq_natasha
Ossuary:  ossuary_due_cavern

Skill      XL: |  1  2  3  4  5  6 |
---------------+-------------------+-----
Unarmed Combat | 4 5 |  5.8
Dodging        | 3 |  3.6
Spellcasting   | 2 |  2.5
Fighting       | 2 |  2.1

Action                     |  1- 3 |  4- 6 |  7- 9 || total
---------------------------+-------+-------+-------++-------
  Melee: Unarmed           |    95 |   176 |     9 ||   280
         Headbutt          |     6 |    22 |     2 ||    30
         Punch             |     2 |     5 |       ||     7
   Cast: Beastly Appendage |    10 |    13 |     2 ||    25
         Wereblood         |       |     1 |     1 ||     2
 Invoke: Draw Summoning    |       |     2 |     1 ||     3
         Draw Destruction  |       |     1 |       ||     1
    Use: Scroll            |       |     6 |       ||     6
         Potion            |       |     2 |       ||     2
   Stab: Sleeping          |     1 |       |       ||     1
         Distracted        |       |     1 |       ||     1
 Armour: Robe              |     5 |       |       ||     5
         Ring mail         |    29 |    33 |       ||    62
         Leather armour    |     4 |       |       ||     4
         Skin              |       |     3 |       ||     3
  Dodge: Dodged            |    54 |   112 |    12 ||   178
